 Dungeon Crawl Stone Soup version 0.31.0-32-g396128a36d (webtiles) character file.

Game seed: 15674814529332068836

415 Fractals the Caller (level 6, 0/59 HPs)
             Began as an Oni Hedge Wizard on Apr 4, 2024.
             Was an Initiate of Sif Muna.
             Slain by a gnoll
             ... wielding a +0 spear
              (8 damage)
             ... on level 4 of the Dungeon.
             The game lasted 00:10:09 (3132 turns).

Fractals the Caller (Oni Hedge Wizard)              Turns: 3132, Time: 00:10:10

Health: 0/59       AC:  3    Str: 15    XL:     6   Next: 91%
Magic:  7/12       EV:  9    Int: 15    God:    Sif Muna [......]
Gold:   157        SH:  0    Dex: 10    Spells: 10/13 levels left

rFire   . . .        k - +1 spear (flame)
rCold   . . .        (no shield)
rNeg    . . .        b - +0 robe
rPois   .            c - +0 hat
rElec   .            (no cloak)
rCorr   .            (gloves unavailable)
SInv    .            (boots unavailable)
Will    .....        (no amulet)
Stlth   ++           (no ring)
HPRegen 0.29/turn    (no ring)
MPRegen 0.13/turn

%: no passive effects
@: no status effects
A: large, unfitting armour, horns 1, tough skin 1, double potion healing,
drunken brawling
a: Renounce Religion


You were on level 4 of the Dungeon.
You worshipped Sif Muna.
Sif Muna was noncommittal.
You visited 2 branches of the dungeon, and saw 5 of its levels.

You collected 157 gold pieces.

Inventory:

Hand Weapons
 h - a +1 spear of freezing
 k - a +1 spear of flaming (weapon)
Missiles
 n - a throwing net
Armour
 b - a +0 robe (worn)
 c - a +0 hat (worn)
Jewellery
 o - a ring of wizardry
Scrolls
 e - a scroll of blinking
 g - a scroll of identify
 i - a scroll of teleportation {unknown}
 m - a scroll of enchant weapon {unknown}
 p - a scroll of poison {unknown}
Potions
 a - 2 potions of brilliance
 d - a potion of magic
 f - a potion of curing {unknown}
 j - a potion of might {unknown}
 l - a potion of enlightenment {unknown}


   Skills:
 - Level 2.5 Fighting
 - Level 1.7 Dodging
 - Level 1.4 Stealth
 - Level 4.0 Spellcasting
 + Level 3.3 Conjurations
 + Level 4.6 Summonings
 - Level 0.8 Translocations


You had 10 spell levels left.
You knew the following spells:

 Your Spells              Type           Power      Damage    Failure   Level
a - Magic Dart            Conj           52%        1d5       4%          1
b - Call Imp              Summ           32%        N/A       4%          2

Your spell library contained the following spells:

 Spells                   Type           Power      Damage    Failure   Level
 Slow                     Hex            12%        N/A       19%         1
 Blink                    Tloc           10%        N/A       19%         2
 Cigotuvi's Dreadful Rot  Necr/Alch/Air  6%         N/A       26%         2
 Mephitic Cloud           Conj/Alch/Air  6%         N/A       34%         3
 Gell's Gravitas          Tloc           5%         N/A       36%         3
 Teleport Other           Tloc           5%         N/A       36%         3
 Dispersal                Tloc           2%         N/A       100%        6


Dungeon Overview and Level Annotations

Branches:
Dungeon (4/15)             Temple (1/1) D:4

Altars:
Ashenzari
Cheibriados
Dithmenos
Elyvilon
Fedhas
Makhleb
Nemelex Xobeh
Okawaru
Qazlal
Ru
Sif Muna
Trog
Uskayaw
Yredelemnul
Zin
The Shining One


Innate Abilities, Weirdness & Mutations

You are too large for most types of armour.
You have a pair of small horns on your head.
You have tough skin. (AC +1)
You gain doubled healing and magic from potions.
Whenever you drink a healing potion, you attack all around you.


Message History

The gnoll barely misses you.
There is a stone staircase leading up here.
The gnoll hits you from afar with a +0 spear!
The gnoll hits you from afar with a +0 spear.
There is a stone staircase leading up here.
Aiming: Magic Dart (safe; 4% risk of failure)
Press: ? - help, Q - select action, (/) - cycle Shift-Dir - straight line, f - gnoll
Aim: a gnoll, wielding a +0 spear (100% to hit)
The magic dart hits the gnoll but does no damage.
The gnoll hits you from afar with a +0 spear!
Unknown command.
Casting: Magic Dart (safe; 4% risk of failure)
Confirm with . or Enter, or press ? or * to list all spells.
A tiny devil pulls itself out of the air.
The gnoll hits you from afar with a +0 spear.
Unknown command.
Aiming: Magic Dart (safe; 4% risk of failure)
Press: ? - help, Q - select action, (/) - cycle Shift-Dir - straight line, f/p - gnoll
Aim: a gnoll, wielding a +0 spear (ally target, 100% to hit)
The magic dart hits the gnoll but does no damage.
The gnoll hits you from afar with a +0 spear!
Unknown command.
You are too injured to fight recklessly!
You aren't carrying any items that you can evoke.
Aiming: Magic Dart (safe; 4% risk of failure)
Press: ? - help, Q - select action, (/) - cycle Shift-Dir - straight line, f/p - gnoll
Aim: a gnoll, wielding a +0 spear (ally target, 100% to hit)
The magic dart hits the gnoll.
The gnoll is lightly wounded.
Your cerulean imp barely misses the gnoll.
The gnoll hits you from afar with a +0 spear!
The gnoll hits you from afar with a +0 spear.
* * * LOW HITPOINT WARNING * * *
Your cerulean imp hits the gnoll from afar with a -3 spear.
The gnoll hits you with a +0 spear.
* * * LOW HITPOINT WARNING * * *
Unknown command.
Your cerulean imp hits the gnoll from afar with a -3 spear.
The gnoll hits you from afar with a +0 spear!
You die...

###.#.##.#.............#..##
#.....##.#.###..#...........
#.....##.#.# #..######.#....
#........#####..# #.#.)..
#.......#.......# #>.....
#....##.#.####.## ######.
#....##......#.#### .
##############....### .
#@5........# #.#####.##+####
#g#####.......#
#g#...l<......#
#####g#.####......# #....g#
....... #g##### ....... #.#
######. #g#


You could see 4 gnolls and a friendly cerulean imp (summoned).

Vanquished Creatures
  Grinder (D:3)
  An orc priest (D:4)
  3 iguanas
  4 adders
  3 dart slugs
  A ribbon worm (D:2)
  5 orcs (D:3)
  6 bats
  4 endoplasms
  7 goblins
  5 hobgoblins
  6 jackals
  3 quokkas
  4 ball pythons
  2 frilled lizards
  7 kobolds
  5 rats
67 creatures vanquished.

Vanquished Creatures (collateral kills)
  A ribbon worm (D:4)
  A hobgoblin (D:2)
  2 bats (D:2)
4 creatures vanquished.

Grand Total: 71 creatures vanquished

Notes
Turn   | Place    | Note
-------+----------+-------------------------------------------
     0 | D:1      | Fractals the Oni Hedge Wizard began the quest for the Orb.
     0 | D:1      | Reached XP level 1. HP: 16/16 MP: 5/5
    37 | D:1      | Reached skill level 1 in Conjurations
   101 | D:1      | Reached skill level 1 in Fighting
   101 | D:1      | Reached XP level 2. HP: 14/27 MP: 0/6
   434 | D:1      | Learned a level 2 spell: Call Imp
   626 | D:1      | Reached XP level 3. HP: 18/35 MP: 6/8
  1097 | D:2      | Reached XP level 4. HP: 44/44 MP: 7/10
  1405 | D:2      | Found a faded altar of an unknown god.
  1615 | D:3      | Reached skill level 1 in Summonings
  1770 | D:3      | Reached XP level 5. HP: 49/50 MP: 11/11
  2185 | D:3      | Noticed Grinder
  2197 | D:3      | Paralysed by Grinder for 2 turns
  2201 | D:3      | Killed Grinder
  2202 | D:3      | Reached XP level 6. HP: 36/59 MP: 7/12
  2799 | D:4      | Found a staircase to the Ecumenical Temple.
  2820 | Temple   | Entered the Ecumenical Temple
  2856 | Temple   | Became a worshipper of Sif Muna the Loreminder
  3132 | D:4      | Slain by a gnoll

Illustrated notes

Levels and vault maps discovered:
D:1:      ncdulo_watergridlock, layout_basic
D:2:      layout_basic, hellmonk_ecumenical_altar_pennies_from_heaven,
          nicolae_half_adder
D:3:      layout_basic, uniq_grinder
D:4:      layout_basic, minmay_temple_entry_proselytizer, uniq_natasha
Temple:   lightli_temple_of_artemis

Skill      XL: |  1  2  3  4  5 |
---------------+----------------+-----
Conjurations   | 1 2 3 |  3.3
Fighting       | 1 2 |  2.5
Spellcasting   | 4 |  4.0
Summonings     | 1 4 |  4.6
Dodging        | |  1.7
Stealth        | |  1.4
Translocations | |  0.8

Action                     |  1- 3 |  4- 6 || total
---------------------------+-------+-------++-------
  Melee: Dagger            |   127 |       ||   127
         Headbutt          |    13 |    11 ||    24
         Spear             |    35 |    84 ||   119
         Punch             |       |     1 ||     1
   Cast: Magic Dart        |    25 |    21 ||    46
         Call Imp          |     2 |     9 ||    11
    Use: Scroll            |     1 |     1 ||     2
   Stab: Sleeping          |     1 |     1 ||     2
         Distracted        |       |     3 ||     3
 Armour: Robe              |   138 |    46 ||   184
  Dodge: Dodged            |    85 |    32 ||   117
